 Dungeon Crawl Stone Soup version 0.20-a0-454-g2b43fbb (webtiles) character file.

146 HarleyQuinn the Conjurer (level 5, -2/28 HPs)
             Began as a Deep Elf Conjurer on Jan 8, 2017.
             Slain by Robin
             ... wielding a +0 short sword
              (4 damage)
             ... on level 3 of the Dungeon.
             The game lasted 00:05:48 (3480 turns).

HarleyQuinn the Conjurer (Deep Elf Conjurer)        Turns: 3480, Time: 00:05:49

Health: -2/28      AC:  2    Str:  5    XL:     5   Next: 7%
Magic:  0/14       EV: 13    Int: 21    God:
Gold:   69         SH:  0    Dex: 15    Spells: 11/14 levels left

rFire  . . .     SeeInvis .     l - +0 short sword
rCold  . . .     Gourm    .     a - +0 robe
rNeg   . . .     Faith    .     (no shield)
rPois  .         Spirit   .     (no helmet)
rElec  .         Reflect  .     (no cloak)
rCorr  .         Harm     .     (no gloves)
MR     .....                    (no boots)
Stlth  ++........               (no amulet)
                                (no ring)
                                (no ring)

@: no status effects
A: no striking features
a: no special abilities


You were on level 3 of the Dungeon.
You were hungry.

You visited 1 branch of the dungeon, and saw 3 of its levels.

You collected 69 gold pieces.

Inventory:

Hand Weapons
 g - a +0 whip
 l - a +0 short sword (weapon)
Armour
 a - a +0 robe (worn)
Jewellery
 s - an uncursed amulet of rage {unknown}
Scrolls
 e - 2 scrolls of enchant weapon {unknown}
 f - a scroll of remove curse {unknown}
 t - a scroll of amnesia {unknown}
 u - a scroll of identify {unknown}
 w - a scroll of teleportation {unknown}
Potions
 h - a potion of curing {unknown}
 i - a potion of cancellation {unknown}
 j - 2 potions of cure mutation {unknown}
 k - 2 potions of heal wounds {unknown}
 q - a potion of invisibility {unknown}
 v - a potion of lignification {unknown}
Books
 b - a book of Conjurations

   Spells                             Type                      Level
   a - Magic Dart                     Conjuration                  1
   b - Searing Ray                    Conjuration                  2
   c - Dazzling Spray                 Conjuration/Hexes            3
   d - Fulminant Prism                Conjuration/Hexes            4
   e - Iskenderun's Mystic Blast      Conjuration                  4
   f - Iskenderun's Battlesphere      Conjuration/Charms           5
Comestibles
 c - a bread ration
 d - 2 beef jerkies
 m - a meat ration
 n - 2 slices of pizza
 o - a royal jelly
 p - 2 chunks of flesh
 r - 2 fruits


   Skills:
 - Level 2.4 Dodging
 - Level 2.4 Stealth
 - Level 5.0 Spellcasting
 + Level 6.1 Conjurations


You had 11 spell levels left.
You knew the following spells:

 Your Spells              Type           Power        Failure   Level  Hunger
a - Magic Dart            Conj           ####         1%          1    None
b - Searing Ray           Conj           ####..       1%          2    None


Dungeon Overview and Level Annotations

Branches:
Dungeon (3/15)

Altars:

Annotations:
D:3 Robin


Message History

You hit the goblin.
The goblin is severely wounded.
The goblin barely misses you.
You closely miss the goblin.
The goblin is severely wounded.
The goblin barely misses you.
Casting: Searing Ray
Confirm with . or Enter, or press ? or * to list all spells.
Aiming: Magic Dart
Press: ? - help, Shift-Dir - straight line, f/p - Robin
Aim: Robin, wielding a short sword, wearing an animal skin and wearing a helmet (heavily wounded)
The magic dart hits Robin.
Robin is heavily wounded.
The goblin closely misses you.
Robin says, "My army is invincible!"
Robin hits you but does no damage.
You hit the goblin.
You kill the goblin!
Robin hits you with a short sword.
You die...

#.# #.......##.....
#.# #..............
#.# ####...........
#.#########.###.)...
#.##....(##.........
.
#.##.....###########
... #........+
.....####.....##
...).gg@†........
.....g###.....###
..... #...$.# ##..
####### #. #


You could see Robin, a hobgoblin and a goblin.

Vanquished Creatures
  5 adders (D:2)
  An ooze (D:1)
  3 worms (D:2)
  3 dart slugs
  5 leopard geckos
  3 orcs (D:3)
  7 bats
  5 giant cockroaches
  17 goblins
  6 hobgoblins
  A jackal (D:2)
  9 kobolds
  A quokka (D:3)
  A frilled lizard (D:1)
  6 rats
73 creatures vanquished.

Vanquished Creatures (others)
  A bat (D:2)
  4 toadstools (D:1)
5 creatures vanquished.

Grand Total: 78 creatures vanquished

Notes
Turn   | Place    | Note
-------+----------+-------------------------------------------
     0 | D:1      | HarleyQuinn the Deep Elf Conjurer began the quest for the Orb.
     0 | D:1      | Reached XP level 1. HP: 10/10 MP: 6/6
   243 | D:1      | Reached XP level 2. HP: 15/15 MP: 4/8
   413 | D:1      | Learned a level 2 spell: Searing Ray
   711 | D:1      | Reached XP level 3. HP: 19/19 MP: 9/11
   808 | D:1      | Reached skill level 5 in Spellcasting
  1724 | D:2      | Reached skill level 5 in Conjurations
  1883 | D:2      | Reached XP level 4. HP: 24/24 MP: 9/13
  3276 | D:3      | Reached skill level 6 in Conjurations
  3459 | D:3      | Noticed Robin
  3464 | D:3      | Reached XP level 5. HP: 24/28 MP: 9/14
  3475 | D:3      | HP: 1/28 [Robin/short sword (3)]
  3480 | D:3      | Slain by Robin

Vault maps used:
D:1:      ldierk_walled_garden_2, minmay_door_square,
          hangedman_decor_clover_reticule
D:2:      wad_river_or_something, lemuel_flame_loot_1
D:3:      serial_glass, glass_columns_c, glass_columns_a, fountainhead,
          minmay_crystal_room, minmay_misc_feat_four_crosses, uniq_robin,
          uniq_iyjb

Skill      XL: |  1  2  3  4 |
---------------+-------------+-----
Spellcasting   | 4 5 |  5.0
Conjurations   | 5 6 |  6.1
Dodging        | |  2.4
Stealth        | |  2.4

Action                   |  1- 3 |  4- 6 || total
-------------------------+-------+-------++-------
Melee: Whip              |     4 |       ||     4
       Short sword       |       |     5 ||     5
 Cast: Magic Dart        |    62 |    33 ||    95
       Searing Ray       |     4 |    12 ||    16
  Eat: Chunk             |     3 |     4 ||     7
Armor: Robe              |     4 |     5 ||     9
Dodge: Dodged            |    15 |    17 ||    32
